 Dungeon Crawl Stone Soup version 0.17.1-1-g73c8601 (webtiles) character file.

74 shmeve the Skirmisher (level 4, -5/41 HPs)
             Began as a Minotaur Berserker on Apr 23, 2016.
             Was a Believer of Trog.
             Slain by Crazy Yiuf
             ... wielding a +4 quarterstaff of chaos
              (16 damage)
             ... on level 2 of the Dungeon.
             The game lasted 00:03:47 (900 turns).

shmeve the Skirmisher (Minotaur Berserker)           Turns: 900, Time: 00:03:48

Health: -5/41      AC:  9    Str: 23    XL:     4   Next: 9%
Magic:  3/3        EV: 10    Int:  4    God:    Trog [**....]
Gold:   39         SH:  0    Dex:  9    Spells: 0 memorised, 3 levels left

rFire  . . .     SeeInvis .     a - +0 hand axe
rCold  . . .     Clarity  .     g - +0 scale mail
rNeg   . . .     SustAt   .     (no shield)
rPois  .         Gourm    .     (helmet restricted)
rElec  .         Spirit   .     (no cloak)
rCorr  .         Warding  .     s - +2 pair of gloves
rMut   .         Stasis   .     (no boots)
MR     .....                    (no amulet)
Stlth  ..........               (no ring)
                                (no ring)

@: confused, lethally poisoned (-5 -> -6), not resistant to hostile
enchantments, extremely unstealthy
A: retaliatory headbutt, horns 2
a: Berserk, Trog's Hand, Burn Spellbooks, Renounce Religion


You were on level 2 of the Dungeon.
You worshipped Trog.
Trog was pleased with you.
You were not hungry.

You visited 1 branch of the dungeon, and saw 2 of its levels.

You collected 39 gold pieces.

Inventory:

Hand Weapons
 a - a +0 hand axe (weapon)
Armour
 g - a +0 scale mail (worn)
 s - a +2 pair of gloves (worn)
Scrolls
 b - a scroll of magic mapping {unknown}
 e - a scroll of fear {unknown}
 f - a scroll of enchant armour {unknown}
 j - a scroll of fog {unknown}
 m - 3 scrolls of teleportation {unknown}
 o - a scroll of enchant weapon {unknown}
 p - 2 scrolls of identify {unknown}
 r - a scroll of recharging {unknown}
Potions
 d - 2 potions of haste {unknown}
 h - 2 potions of flight {unknown}
 k - 3 potions of might {unknown}
 n - a potion of curing {unknown}
Comestibles
 c - a bread ration
 i - a meat ration
 l - a royal jelly
 q - 2 chunks of flesh


   Skills:
 * Level 4.5 Fighting
 * Level 4.3 Axes
 + Level 1.2 Throwing
 + Level 2.8 Armour
 + Level 2.7 Dodging


You had 3 spell levels left.
You didn't know any spells.

Dungeon Overview and Level Annotations

Branches:
Dungeon (2/15)

Altars:

Annotations:
D:2 Crazy Yiuf


Innate Abilities, Weirdness & Mutations

You reflexively headbutt those who attack you in melee.
You have a pair of horns on your head.


Message History

You bump into the rock wall.
Something hits you.
You feel sick.
You hear a zap.
Something tries to affect you, but you resist.
You're too confused to move!
You hear a zap.
You are more confused.
You bump into the rock wall.
You hear a zap.
Something tries to affect you, but you resist.
Something hits you.
You see here an uncursed ring of flight.
You bump into the rock wall.
You feel sick.
You bump into the rock wall.
You hear a zap.
You are more confused.
You miss something. You headbutt something! Something hits you!
* * * LOW HITPOINT WARNING * * *
You are electrocuted!
You die...

#...........#
###..)().........
#........####
####....#).....
#........#
#....#....##
#......### #####
#....##...#.
######## #..)#
#..<.##.#... #...#
#....##..... #...#
#........... #{#
#..##....... ##@#
#..##....... #.##
#.....## ##.#
###..... #.## #.....
##.## #..... #...##
#..... #....# #(....
##..## #######.....
#....####........^..


There were no monsters in sight!

Vanquished Creatures
  Terence (D:2)
  Robin (D:2)
  A giant gecko (D:1)
  3 hobgoblins
  4 jackals
  2 kobolds
  6 bats
  A giant cockroach (D:1)
  2 giant newts (D:1)
  12 goblins
  2 rats (D:1)
35 creatures vanquished.

Notes
Turn   | Place    | Note
--------------------------------------------------------------
     0 | D:1      | shmeve the Minotaur Berserker began the quest for the Orb.
     0 | D:1      | Reached XP level 1. HP: 19/19 MP: 0/0
   236 | D:1      | Reached XP level 2. HP: 27/27 MP: 1/1
   429 | D:1      | Reached skill level 4 in Fighting
   622 | D:2      | Noticed Terence
   632 | D:2      | Killed Terence
   632 | D:2      | Reached skill level 1 in Throwing
   632 | D:2      | Reached XP level 3. HP: 26/33 MP: 2/2
   649 | D:2      | Noticed Robin
   652 | D:2      | Reached ** piety under Trog
   655 | D:2      | Killed Robin
   670 | D:2      | Reached XP level 4. HP: 30/41 MP: 3/3
   872 | D:2      | Noticed Crazy Yiuf
   900 | D:2      | Slain by Crazy Yiuf

Action                   |  1- 3 |  4- 6 || total
-------------------------+-------+-------++-------
Melee: Hand axe          |    53 |    13 ||    66
Invok: Berserk           |     1 |       ||     1
  Eat: Chunk             |       |     1 ||     1
